 Dungeon Sprint DCSS version 0.17-a0-1714-g35622ae (webtiles) character file.

1 patman the Cudgeler (level 1, 5/12 HPs)
             Began as a Gargoyle Gladiator on Aug 23, 2015.
             Quit the game in the Dungeon (Sprint VII: "The Pits").
             The game lasted 00:01:29 (171 turns).

patman the Cudgeler (Gargoyle Gladiator)             Turns: 171, Time: 00:01:29

Health: 5/12       AC:  6    Str: 18    XL:     1   Next: 20%
Magic:  1/1        EV: 12    Int:  8    God:
Gold:   0          SH:  0    Dex: 10    Spells: 0 memorised, 0 levels left

rFire  . . .     SeeInvis .     a - +0 flail
rCold  . . .     Clarity  .     b - +0 leather armour
rNeg   + . .     SustAt   .     (no shield)
rPois  ∞         Gourm    .     c - +0 helmet
rElec  +         Spirit   .     (no cloak)
rCorr  .         Warding  .     (no gloves)
rMut   .         NoTele   +     (no boots)
MR     .....                    (no amulet)
Stlth  +.........               (no ring)
                                (no ring)

@: not resistant to hostile enchantments, very unstealthy
A: negative energy resistance 1, electricity resistance, unbreathing,
petrification resistance, rot immunity, AC +2
a: no special abilities


You were in the Dungeon.
You were not hungry.

You visited 1 branch

Inventory:

Hand weapons
 a - a +0 flail (weapon)
Missiles
 d - 3 throwing nets (quivered)
Armour
 b - a +0 leather armour (worn)
 c - a +0 helmet (worn)
Scrolls
 k - a scroll of blinking
 o - 3 scrolls of remove curse
 p - 5 scrolls of amnesia
 q - a scroll of summoning
Potions
 f - a potion of curing
 g - a potion of heal wounds
 h - a potion of haste
 i - 4 potions of magic
 j - 3 potions of berserk rage
 n - 2 potions of invisibility
Comestibles
 e - 8 bread rations
 l - 40 fruits
 m - 7 meat rations


   Skills:
 - Level 2.1 Fighting
 + Level 3.7 Maces & Flails
 - Level 2.0 Throwing
 - Level 2.4 Dodging


You couldn't memorise any spells.
You didn't know any spells.

Dungeon Overview and Level Annotations

Branches:
Dungeon (1/1)

Altars:
Ashenzari
Cheibriados
Dithmenos
Elyvilon
Fedhas
Gozag
Kikubaaqudgha
Makhleb
Nemelex Xobeh
Okawaru
Qazlal
Ru
Sif Muna
Trog
Vehumet
Xom
Yredelemnul
Zin
The Shining One
Beogh
Jiyva
Lugonu


Innate Abilities, Weirdness & Mutations

You are resistant to torment.
Your stone body is resilient (AC +2).
You are immune to poison.
You resist negative energy.
You are resistant to electric shocks.
You can survive without breathing.
You are immune to petrification.
You are immune to rotting.


Message History

The worker ant twitches its antennae in your direction.
An ooze comes into view.
The ooze quivers.
The worker ant barely misses you. The ooze hits you but does no damage.
There is an open door here.
The worker ant barely misses you. The ooze hits you.
The ooze hits you but does no damage.
You open the door.
The worker ant bites you but does no damage.
The kobold hits you but does no damage. The ooze hits you.
The worker ant misses you.
An adder, 2 giant cockroaches, 2 orcs and an orc priest come into view.
The orc shouts! x2
The orc priest shouts!
The worker ant closely misses you.
There is an open door here.
Unknown command.
The adder completely misses you.
Unknown command.
Are you sure you want to abandon this character and quit the game? (Confirm with "yes".)

#...........'..........
#+#####'#####......#..#
#.....# #..........
#...).# ####'#####+
###'### #.......#
#.....# #.......#
#...aJ# #.......#
####K##+###...<...#
#..S@so..##.......#
#..s.oo..##.......#
###########.......#
#########


You could see a worker ant, an orc priest, an ooze, an adder, 2 orcs, 2 giant
cockroaches and a kobold.

Vanquished Creatures
  A giant newt (D)
  A goblin (D)
2 creatures vanquished.

Notes
Turn   | Place    | Note
--------------------------------------------------------------
     0 | D        | patman the Gargoyle Gladiator began the quest for the Orb.
     0 | D        | Reached XP level 1. HP: 12/12 MP: 1/1
   137 | D        | Found a sacrificial altar of Ru.
   137 | D        | Found a basalt altar of Yredelemnul.
   137 | D        | Found a shadowy altar of Dithmenos.
   137 | D        | Found a deep blue altar of Sif Muna.
   137 | D        | Found a burning altar of Makhleb.
   137 | D        | Found a shimmering altar of Xom.
   137 | D        | Found an ancient bone altar of Kikubaaqudgha.
   137 | D        | Found a sparkling altar of Nemelex Xobeh.
   138 | D        | Found a glowing golden altar of the Shining One.
   138 | D        | Found a bloodstained altar of Trog.
   138 | D        | Found a shattered altar of Ashenzari.
   138 | D        | Found a white marble altar of Elyvilon.
   138 | D        | Found a snail-covered altar of Cheibriados.
   138 | D        | Found a blossoming altar of Fedhas.
   138 | D        | Found a radiant altar of Vehumet.
   138 | D        | Found a glowing silver altar of Zin.
   138 | D        | Found a corrupted altar of Lugonu.
   138 | D        | Found a viscous altar of Jiyva.
   138 | D        | Found a roughly hewn altar of Beogh.
   138 | D        | Found an iron altar of Okawaru.
   144 | D        | Found a stormy altar of Qazlal.
   144 | D        | Found an opulent altar of Gozag.
   164 | D        | Noticed a worker ant
   169 | D        | Noticed an orc priest
   171 | D        | Quit the game

Vault maps used:
D:        pitsprint

Action                   || total
-------------------------++-------
Melee: Flail             ||     9
